 Dungeon Crawl Stone Soup version 0.31.0-11-ge490571c62 (webtiles) character file.

Game seed: 1881341261786678260

191 bearlyready the Caller (level 5, -5/38 HPs)
             Began as a Gnoll Summoner on Feb 10, 2024.
             Killed by divine providence
             ... invoked by an orc priest
              (11 damage)
             ... on level 3 of the Dungeon.
             The game lasted 00:03:00 (1658 turns).

bearlyready the Caller (Gnoll Summoner)             Turns: 1658, Time: 00:03:01

Health: -5/38      AC:  4    Str:  8    XL:     5   Next: 70%
Magic:  9/12       EV: 12    Int: 16    God:
Gold:   114        SH:  0    Dex: 12    Spells: 8/14 levels left

rFire   . . .        f - +0 dagger
rCold   . . .        (no shield)
rNeg    . . .        j - +0 leather armour
rPois   .            (no helmet)
rElec   .            (no cloak)
rCorr   .            n - +0 pair of gloves
SInv    .            (no boots)
Will    .....        (no amulet)
Stlth   ++           (no ring)
HPRegen 0.26/turn    (no ring)
MPRegen 0.13/turn

%: no passive effects
@: inugami summoned
A: fangs 1, strong nose, distributed training
a: no special abilities


You were on level 3 of the Dungeon.
You visited 1 branch of the dungeon, and saw 3 of its levels.

You collected 114 gold pieces.

Inventory:

Hand Weapons
 f - a +0 dagger (weapon)
Missiles
 d - 16 stones
 o - 3 boomerangs
Armour
 a - a +0 robe
 j - a +0 leather armour (worn)
 n - a +0 pair of gloves (worn)
Talismans
 c - a blade talisman
Wands
 k - a wand of flame (11)
Scrolls
 g - 4 scrolls of identify {unknown}
 h - 2 scrolls of teleportation {unknown}
 m - a scroll of fog {unknown}
Potions
 b - a potion of magic
 e - 2 potions of invisibility {unknown}
 i - a potion of enlightenment {unknown}
 l - a potion of lignification {unknown}


   Skills:
 + Level 1.6 Fighting
 + Level 1.6 Short Blades
 + Level 1.6 Long Blades
 + Level 1.6 Axes
 + Level 1.6 Maces & Flails
 + Level 1.6 Polearms
 + Level 1.6 Staves
 + Level 1.6 Ranged Weapons
 + Level 1.6 Throwing
 + Level 1.6 Armour
 + Level 4.8 Dodging
 + Level 4.5 Stealth
 + Level 1.6 Shields
 + Level 1.6 Unarmed Combat
 + Level 5.2 Spellcasting
 + Level 1.3 Conjurations
 + Level 1.3 Hexes
 + Level 7.2 Summonings
 + Level 1.3 Necromancy
 + Level 1.3 Translocations
 + Level 1.3 Fire Magic
 + Level 1.3 Ice Magic
 + Level 1.3 Air Magic
 + Level 1.3 Earth Magic
 + Level 1.3 Alchemy
 + Level 1.9 Invocations
 + Level 1.6 Evocations
 + Level 1.5 Shapeshifting


You had 8 spell levels left.
You knew the following spells:

 Your Spells              Type           Power      Damage    Failure   Level
a - Summon Small Mammal   Summ           100%       N/A       1%          1
b - Call Imp              Summ           54%        N/A       1%          2
c - Call Canine Familiar  Summ           27%        N/A       3%          3

Your spell library contained the following spells:

 Spells                   Type           Power      Damage    Failure   Level
 Apportation              Tloc           16%        N/A       12%         1
 Necrotise                Necr           32%        1d5       12%         1
 Jinxbite                 Hex            16%        N/A       19%         2
 Martyr's Knell           Necr/Summ      17%        N/A       34%         4
 Summon Blazeheart Golem  Fire/Summ      17%        N/A       34%         4
 Summon Lightning Spire   Summ/Air       17%        N/A       34%         4
 Vampiric Draining        Necr           8%         2d6       36%         3
 Alistair's Intoxication  Alch           5%         N/A       98%         5
 Curse of Agony           Necr           8%         N/A       98%         5


Dungeon Overview and Level Annotations

Branches:
Dungeon (3/15)

Altars:
Xom
The Shining One


Innate Abilities, Weirdness & Mutations

You have very sharp teeth.
Your uncanny sense of smell can sniff out nearby items.
Your experience applies equally to all skills.


Message History

Your inugami hits the orc.
Casting: Summon Small Mammal (safe; 1% risk of failure)
Confirm with . or Enter, or press ? or * to list all spells.
The hound bites your cerulean imp.
A bat comes into view.
The orc priest mumbles some strange prayers to Beogh against you.
Beogh smites you! The orc hits you but does no damage.
The hound bites your cerulean imp.
Your inugami hits the orc.
The orc dies!
Your cerulean imp misses the hound.
You are too injured to fight recklessly!
The hound bites your cerulean imp.
Your cerulean imp closely misses the hound.
Your bat hits the orc but does no damage.
Your bat hits the orc but does no damage.
The hound closely misses your cerulean imp.
Your quokka bites the hound but does no damage.
The orc priest casts a cantrip, but nothing happens.
The orc priest hits your quokka with a +0 short sword.
The hound closely misses your cerulean imp.
Your inugami hits the orc!
The orc dies!
Your cerulean imp hits the hound with a -2 spear.
Your quokka completely misses the hound.
The hound bites your cerulean imp.
Your cerulean imp dies!
Your cerulean imp disappears in a puff of smoke!
The orc priest mumbles some strange prayers to Beogh against you.
Beogh smites you!
* * * LOW HITPOINT WARNING * * *
The orc priest hits your quokka with a +0 short sword.
Your quokka dies!
Your quokka's corpse disappears in a puff of smoke!
The orc hits your bat with a +0 trident!
Your bat dies!
Your bat's corpse disappears in a puff of smoke!
The orc barely misses your inugami.
Your inugami closely misses the hound.
The orc priest calls down the wrath of Beogh upon you.
Beogh smites you!
You die...

#.# #†# #.# .... #.##
.... #..## ..... ##..#
..... ##.## ......
#..##############oo....
##..........@.h.ho..).b
#####..)........§.....
#..........§§.....
#.†)..............
#............#####
#............#
#............#
#............#
#............#


You could see a hound (ally target), 2 orc priests, an orc and a friendly
inugami (summoned).

Vanquished Creatures
  A dart slug (D:1)
  An orc (D:3)
  5 endoplasms
  A giant cockroach (D:1)
  3 goblins
  3 hobgoblins
  3 jackals (D:1)
  3 kobolds
  A quokka (D:1)
  5 ball pythons
  4 bats
  A frilled lizard (D:1)
  2 rats
33 creatures vanquished.

Vanquished Creatures (collateral kills)
  Natasha (thrice) (D:2)
  An orc wizard (D:3)
  2 adders (D:2)
  A dart slug (D:1)
  7 orcs
  An endoplasm (D:2)
  A giant cockroach (D:1)
  2 goblins (D:1)
  3 hobgoblins
  A kobold (D:1)
  2 ball pythons
  3 bats
  3 rats
30 creatures vanquished.

Grand Total: 63 creatures vanquished

Notes
Turn   | Place    | Note
-------+----------+-------------------------------------------
     0 | D:1      | bearlyready the Gnoll Summoner began the quest for the Orb.
     0 | D:1      | Reached XP level 1. HP: 13/13 MP: 6/6
   149 | D:1      | Reached XP level 2. HP: 14/19 MP: 7/7
   352 | D:1      | Reached skill level 5 in Spellcasting
   352 | D:1      | Reached XP level 3. HP: 15/25 MP: 7/9
   367 | D:1      | Learned a level 2 spell: Call Imp
   371 | D:1      | Learned a level 3 spell: Call Canine Familiar
   470 | D:1      | Reached skill level 1 in Invocations
   771 | D:2      | Found a glowing golden altar of the Shining One.
   807 | D:2      | Noticed Natasha
   818 | D:2      | Killed Natasha
   819 | D:2      | Reached skill level 1 in Fighting
   819 | D:2      | Reached skill level 1 in Short Blades
   819 | D:2      | Reached skill level 1 in Long Blades
   819 | D:2      | Reached skill level 1 in Axes
   819 | D:2      | Reached skill level 1 in Maces & Flails
   819 | D:2      | Reached skill level 1 in Polearms
   819 | D:2      | Reached skill level 1 in Staves
   819 | D:2      | Reached skill level 1 in Ranged Weapons
   819 | D:2      | Reached skill level 1 in Throwing
   819 | D:2      | Reached skill level 1 in Armour
   819 | D:2      | Reached skill level 1 in Shields
   819 | D:2      | Reached skill level 1 in Unarmed Combat
   819 | D:2      | Reached skill level 1 in Evocations
   819 | D:2      | Reached skill level 1 in Shapeshifting
   819 | D:2      | Reached XP level 4. HP: 29/32 MP: 3/11
   822 | D:2      | Noticed Natasha
   833 | D:2      | Killed Natasha
   834 | D:2      | Reached skill level 1 in Conjurations
   834 | D:2      | Reached skill level 1 in Hexes
   834 | D:2      | Reached skill level 1 in Necromancy
   834 | D:2      | Reached skill level 1 in Translocations
   834 | D:2      | Reached skill level 1 in Fire Magic
   834 | D:2      | Reached skill level 1 in Ice Magic
   834 | D:2      | Reached skill level 1 in Air Magic
   834 | D:2      | Reached skill level 1 in Earth Magic
   834 | D:2      | Reached skill level 1 in Alchemy
   940 | D:2      | Reached XP level 5. HP: 15/37 MP: 7/12
   990 | D:2      | Noticed Natasha
  1035 | D:2      | Killed Natasha
  1505 | D:3      | Found a shimmering altar of Xom.
  1658 | D:3      | Killed from afar by an orc priest

Illustrated notes

Levels and vault maps discovered:
D:1:      dpeg_arrival_shelter, layout_rooms
D:2:      layout_rooms, basic_altar, uniq_natasha
D:3:      layout_basic, xom_teletrap_fun, mainiacjoe_overflow_swirl

Skill      XL: |  1  2  3  4 |
---------------+-------------+-----
Spellcasting   | 5 |  5.2
Invocations    | 1 |  1.9
Fighting       | 1 |  1.6
Short Blades   | 1 |  1.6
Long Blades    | 1 |  1.6
Axes           | 1 |  1.6
Maces & Flails | 1 |  1.6
Polearms       | 1 |  1.6
Staves         | 1 |  1.6
Ranged Weapons | 1 |  1.6
Throwing       | 1 |  1.6
Armour         | 1 |  1.6
Shields        | 1 |  1.6
Unarmed Combat | 1 |  1.6
Evocations     | 1 |  1.6
Shapeshifting  | 1 |  1.5
Conjurations   | 1 |  1.3
Hexes          | 1 |  1.3
Necromancy     | 1 |  1.3
Translocations | 1 |  1.3
Fire Magic     | 1 |  1.3
Ice Magic      | 1 |  1.3
Air Magic      | 1 |  1.3
Earth Magic    | 1 |  1.3
Alchemy        | 1 |  1.3
Dodging        | |  4.8
Stealth        | |  4.5
Summonings     | |  7.2

Action                     |  1- 3 |  4- 6 || total
---------------------------+-------+-------++-------
  Melee: Unarmed           |    44 |       ||    44
         Bite              |    21 |     8 ||    29
         Dagger            |    97 |    61 ||   158
         Punch             |     2 |     2 ||     4
   Cast: Summon Small Mamm |    15 |     5 ||    20
         Call Canine Famil |     1 |     5 ||     6
         Call Imp          |     1 |     4 ||     5
   Stab: Sleeping          |     3 |     1 ||     4
 Armour: Robe              |    65 |    20 ||    85
         Leather armour    |       |    42 ||    42
  Dodge: Dodged            |   114 |    58 ||   172
